PBL
NEW YORK YANKEES @ MONTREAL EXPOS
04/24/2071
 
TOP OF THE 1ST
New York Yankees batting - Pitching for Montreal Expos : RHP Jack Anderson
Pitching: RHP Jack Anderson
Batting: RHB José Guillén 0-0: Ball
1-0: Foul Ball, location: 3FF
1-1: Called Strike
1-2: Foul Ball, location: 9LDF
1-2: Foul Ball, location: 3DF
1-2: Ball
2-2: Foul Ball, location: 9LMF
2-2: Foul Ball, location: 9LSF
2-2: Ground out 5-3 (Groundball, 56S, EV 85.6 MPH)
Batting: LHB Guillermo Rodríguez 0-0: Foul Ball, location: 2F
0-1: Ball
1-1: Swinging Strike
1-2: Strikes out swinging
Batting: LHB Anthony Thomas 0-0: Fly out, F6 (Popup, P, EV 80.0 MPH)
Top of the 1st over - 0 runs, 0 hits, 0 errors, 0 left on base; New York 0 - Montreal 0
BOTTOM OF THE 1ST
Montreal Expos batting - Pitching for New York Yankees : RHP Ron White
Pitching: RHP Ron White
Batting: RHB Henry Treleaven 0-0: Foul Ball, location: 2F
0-1: SINGLE (Groundball, 5S, EV 73.1 MPH) (infield hit)
Batting: RHB Robin Lewis 0-0: Called Strike
0-1: Ball
1-1: Ground out 6-3 (Groundball, 6S, EV 70.0 MPH)
Henry Treleaven to second
Batting: RHB Ed Basset 0-0: Foul Ball, location: 9LDF
0-1: Ball
1-1: Ground out 1-3 (Groundball, 15, EV 71.9 MPH)
Batting: LHB Don Bullock 0-0: Ball
1-0: Ball
2-0: DOUBLE (Line Drive, 9LM, EV 105.0 MPH)
Henry Treleaven scores
Batting: RHB Roy López 0-0: Ball
1-0: Ball
2-0: Ground out 1-3 (Groundball, 13S, EV 74.4 MPH)
Bottom of the 1st over - 1 run, 2 hits, 0 errors, 1 left on base; New York 0 - Montreal 1
TOP OF THE 2ND
New York Yankees batting - Pitching for Montreal Expos : RHP Jack Anderson
Batting: RHB Matt Marples 0-0: Called Strike
0-1: Foul Ball, location: 25F
0-2: Ball
1-2: Ground out 6-3 (Groundball, 6, EV 107.5 MPH)
Batting: LHB Dave Welch 0-0: Ball
1-0: Ball
2-0: Ground out 1-3 (Groundball, 34S, EV 70.0 MPH)
Batting: LHB Guy Donnelly 0-0: Swinging Strike
0-1: Ball
1-1: SINGLE (Groundball, 4MD, EV 93.8 MPH)
Batting: RHB José Costello 0-0: Fly out, F8 (Flyball, 8RD, EV 88.8 MPH)
Top of the 2nd over - 0 runs, 1 hit, 0 errors, 1 left on base; New York 0 - Montreal 1
BOTTOM OF THE 2ND
Montreal Expos batting - Pitching for New York Yankees : RHP Ron White
Batting: LHB Armando Torres 0-0: Ball
1-0: Called Strike
1-1: Foul Ball, location: 23F
1-2: Foul Ball, location: 5SF
1-2: Ground out 2-3 (Groundball, 13S, EV 65.6 MPH)
Batting: RHB Andrew Martínez 0-0: Foul Ball, location: 9LDF
0-1: Ball
1-1: DOUBLE (Line Drive, 89D, EV 107.5 MPH)
Batting: LHB Mike Downs 0-0: Ball
1-0: Called Strike
1-1: Called Strike
1-2: Fly out, F8 (Flyball, 8LD, EV 103.8 MPH)
Batting: RHB Felipe Rivas 0-0: Called Strike
0-1: Ground out 1-3 (Groundball, 13, EV 69.4 MPH)
Bottom of the 2nd over - 0 runs, 1 hit, 0 errors, 1 left on base; New York 0 - Montreal 1
TOP OF THE 3RD
New York Yankees batting - Pitching for Montreal Expos : RHP Jack Anderson
Batting: RHB Chris Anderson 0-0: Called Strike
0-1: Ground out 6-3 (Groundball, 6, EV 85.6 MPH)
Batting: SHB Tony Aponte 0-0: Called Strike
0-1: Ground out 4-3 (Groundball, 4, EV 96.9 MPH)
Batting: RHB José Guillén 0-0: Called Strike
0-1: Ball
1-1: Fly out, F8 (Line Drive, 8LS, EV 105.6 MPH)
Top of the 3rd over - 0 runs, 0 hits, 0 errors, 0 left on base; New York 0 - Montreal 1
BOTTOM OF THE 3RD
Montreal Expos batting - Pitching for New York Yankees : RHP Ron White
Batting: RHB Henry Treleaven 0-0: Ball
1-0: SINGLE (Groundball, 23, EV 71.9 MPH) (infield hit)
Batting: RHB Robin Lewis 0-0: Swinging Strike
0-1: Called Strike
0-2: Strikes out swinging
Batting: RHB Ed Basset 0-0: Ball
1-0: Foul Ball, location: 2F
1-1: Ball
2-1: Grounds into double play, 5-4-3 (Groundball, 5, EV 86.3 MPH)
Bottom of the 3rd over - 0 runs, 1 hit, 0 errors, 0 left on base; New York 0 - Montreal 1
TOP OF THE 4TH
New York Yankees batting - Pitching for Montreal Expos : RHP Jack Anderson
Batting: LHB Guillermo Rodríguez 0-0: Called Strike
0-1: Fly out, F6 (Line Drive, 6M, EV 71.3 MPH)
Batting: LHB Anthony Thomas 0-0: Ball
1-0: Ground out 4-3 (Groundball, 4, EV 80.0 MPH)
Batting: RHB Matt Marples 0-0: Ball
1-0: Ball
2-0: Called Strike
2-1: Foul Ball, location: 3F
2-2: Fly out, F9 (Line Drive, 89M, EV 90.6 MPH)
Top of the 4th over - 0 runs, 0 hits, 0 errors, 0 left on base; New York 0 - Montreal 1
BOTTOM OF THE 4TH
Montreal Expos batting - Pitching for New York Yankees : RHP Ron White
Batting: LHB Don Bullock 0-0: Ball
1-0: Ball
2-0: Ball
3-0: Base on Balls
Batting: RHB Roy López 0-0: Ball
Wild Pitch!
Don Bullock to second
1-0: Foul Ball, location: 2F
1-1: Called Strike
1-2: Fly out, F8 (Flyball, 8RXD, EV 110.6 MPH)
Runner from 2nd tags up, SAFE at 3rd, no throw by CF
Batting: LHB Armando Torres 0-0: Ball
1-0: Called Strike
1-1: Called Strike
1-2: Strikes out looking
Batting: RHB Andrew Martínez 0-0: Ball
1-0: Ball
2-0: Fly out, F7 (Flyball, 78D, EV 103.1 MPH)
Bottom of the 4th over - 0 runs, 0 hits, 0 errors, 1 left on base; New York 0 - Montreal 1
TOP OF THE 5TH
New York Yankees batting - Pitching for Montreal Expos : RHP Jack Anderson
Batting: LHB Dave Welch 0-0: Ball
1-0: Ball
2-0: Ball
3-0: Called Strike
3-1: SINGLE (Flyball, 78S, EV 85.6 MPH)
Batting: LHB Guy Donnelly 0-0: SINGLE (Line Drive, 7S, EV 91.9 MPH)
Dave Welch to second
Batting: RHB José Costello 0-0: Ball
1-0: Ball
2-0: Foul Ball, location: 7LSF
2-1: Foul Ball, location: 2F
2-2: Ball
3-2: Fly out, F8 (Flyball, 8RD, EV 83.8 MPH)
Batting: RHB Chris Anderson 0-0: Called Strike
0-1: Foul Ball, location: 23F
0-2: Foul Ball, location: 23F
0-2: Strikes out swinging
Batting: SHB Tony Aponte 0-0: Ball
1-0: DOUBLE (Line Drive, 78D, EV 104.4 MPH)
Dave Welch scores
Guy Donnelly to third
Runner from 3rd tries for Home, SAFE, no throw by LF
Batting: RHB José Guillén 0-0: Ball
1-0: Fly out, F4 (Popup, 4MD, EV 62.5 MPH)
Top of the 5th over - 2 runs, 3 hits, 0 errors, 1 left on base; New York 2 - Montreal 1
BOTTOM OF THE 5TH
Montreal Expos batting - Pitching for New York Yankees : RHP Ron White
Batting: LHB Mike Downs 0-0: Called Strike
0-1: Foul Ball, location: 7LDF
0-2: Ball
1-2: Fly out, F8 (Line Drive, 8LS, EV 98.1 MPH)
Batting: RHB Felipe Rivas 0-0: Called Strike
0-1: Fly out, F6 (Line Drive, 6M, EV 70.6 MPH)
Batting: RHB Henry Treleaven 0-0: Called Strike
0-1: Ball
1-1: Ball
2-1: Ball
3-1: Foul Ball, location: 9LDF
3-2: Fly out, F5 (Line Drive, 5L, EV 84.4 MPH)
Bottom of the 5th over - 0 runs, 0 hits, 0 errors, 0 left on base; New York 2 - Montreal 1
TOP OF THE 6TH
New York Yankees batting - Pitching for Montreal Expos : RHP Jack Anderson
Batting: LHB Guillermo Rodríguez 0-0: Fly out, F7 (Flyball, 78D, EV 68.8 MPH)
Batting: LHB Anthony Thomas 0-0: Called Strike
0-1: Foul Ball, location: 5F
0-2: Foul Ball, location: 7LSF
0-2: DOUBLE (Flyball, 89XD, EV 102.5 MPH)
Batting: RHB Matt Marples 0-0: Ground out 4-3 (Groundball, 4, EV 107.5 MPH)
Anthony Thomas to third
Batting: LHB Dave Welch 0-0: Ball
1-0: Ball
2-0: Called Strike
2-1: Ball
3-1: Called Strike
3-2: Fly out, F8 (Flyball, 8LXD, EV 90.6 MPH)
Top of the 6th over - 0 runs, 1 hit, 0 errors, 1 left on base; New York 2 - Montreal 1
BOTTOM OF THE 6TH
Montreal Expos batting - Pitching for New York Yankees : RHP Ron White
Batting: RHB Robin Lewis 0-0: Foul Ball, location: 2F
0-1: Fly out, F8 (Flyball, 8LM, EV 91.3 MPH)
Batting: RHB Ed Basset 0-0: Foul Ball, location: 3FF
0-1: Ball
1-1: Ball
2-1: SINGLE (Groundball, 4MD, EV 102.5 MPH)
Batting: LHB Don Bullock 0-0: Ball
1-0: Foul Ball, location: 3SF
1-1: 2-RUN HOME RUN (Line Drive, 9D, EV 97.5 MPH), Distance : 379 ft
Batting: RHB Roy López 0-0: Fly out, F9 (Flyball, 89D, EV 91.3 MPH)
Batting: LHB Armando Torres 0-0: Ball
1-0: Called Strike
1-1: Ball
2-1: Swinging Strike
2-2: Ball
3-2: Base on Balls
Batting: RHB Andrew Martínez 0-0: Ball
1-0: Ball
2-0: Ball
3-0: Called Strike
3-1: Base on Balls
Armando Torres to second
Batting: LHB Mike Downs 0-0: Swinging Strike
0-1: Foul Ball, location: 9LSF
0-2: Ball
1-2: Foul Ball, location: 2F
1-2: Ground out U3 (Groundball, 23, EV 89.4 MPH)
Bottom of the 6th over - 2 runs, 2 hits, 0 errors, 2 left on base; New York 2 - Montreal 3
TOP OF THE 7TH
New York Yankees batting - Pitching for Montreal Expos : RHP Jack Anderson
Batting: LHB Guy Donnelly 0-0: Called Strike
0-1: Swinging Strike
0-2: Ball
1-2: Foul Ball, location: 2F
1-2: Foul Ball, location: 2F
1-2: Foul Ball, location: 2F
1-2: Strikes out looking
Batting: RHB José Costello 0-0: Swinging Strike
0-1: Called Strike
0-2: Strikes out swinging
Batting: RHB Chris Anderson 0-0: Called Strike
0-1: SINGLE (Line Drive, 78M, EV 105.6 MPH)
Batting: SHB Tony Aponte 0-0: Swinging Strike
0-1: Called Strike
0-2: Fielders Choice at 2nd, 6-4 (Groundball, 6, EV 109.4 MPH)
Top of the 7th over - 0 runs, 1 hit, 0 errors, 1 left on base; New York 2 - Montreal 3
BOTTOM OF THE 7TH
Montreal Expos batting - Pitching for New York Yankees : RHP Ron White
Pitching: RHP Tyler Long
Batting: RHB Felipe Rivas 0-0: Ball
1-0: Ball
2-0: Foul Ball, location: 2F
2-1: Foul Ball, location: 3FF
2-2: Foul Ball, location: 3SF
2-2: Foul Ball, location: 3SF
2-2: Strikes out swinging
Batting: RHB Henry Treleaven 0-0: Ground out 6-3 (Groundball, 6, EV 98.8 MPH)
Batting: RHB Robin Lewis 0-0: Called Strike
0-1: Ball
1-1: Foul Ball, location: 25F
1-2: Fly out, F9 (Line Drive, 89M, EV 96.3 MPH)
Bottom of the 7th over - 0 runs, 0 hits, 0 errors, 0 left on base; New York 2 - Montreal 3
TOP OF THE 8TH
New York Yankees batting - Pitching for Montreal Expos : RHP Jack Anderson
Now at 2B: Iván Pérez
Now in LF: Oscar Blackwell
Batting: RHB José Guillén 0-0: Ball
1-0: Called Strike
1-1: Ball
2-1: Called Strike
2-2: SINGLE (Line Drive, 78M, EV 90.0 MPH)
Batting: LHB Guillermo Rodríguez 0-0: Called Strike
0-1: Fielders Choice at 2nd, 6-4 (Groundball, 56S, EV 88.8 MPH)
Batting: LHB Anthony Thomas 0-0: Called Strike
0-1: Foul Ball, location: 5F
0-2: Ball
1-2: Foul Ball, location: 2F
1-2: Ball
2-2: Ball
3-2: Grounds into double play, 6-4-3 (Groundball, 6, EV 99.4 MPH)
Top of the 8th over - 0 runs, 1 hit, 0 errors, 0 left on base; New York 2 - Montreal 3
BOTTOM OF THE 8TH
Montreal Expos batting - Pitching for New York Yankees : RHP Tyler Long
Batting: RHB Ed Basset 0-0: Foul Ball, location: 3F
0-1: SINGLE (Groundball, 6MD, EV 95.0 MPH)
Batting: LHB Don Bullock 0-0: Called Strike
0-1: Fly out, F6 (Flyball, 6MD, EV 91.3 MPH)
Batting: RHB Roy López 0-0: Called Strike
0-1: DOUBLE (Flyball, 78XD, EV 107.5 MPH)
Ed Basset to third
Runner from 3rd tries for Home, SAFE, no throw by CF
Batting: LHB Armando Torres 0-0: Ball
1-0: Foul Ball, location: 7LSF
1-1: Swinging Strike
1-2: Ground out 5-3 (Groundball, 56, EV 84.4 MPH)
Batting: LHB Oscar Blackwell 0-0: Ball
1-0: Called Strike
1-1: Ball
2-1: Foul Ball, location: 3F
2-2: Fly out, F8 (Flyball, 8RM, EV 91.3 MPH)
Bottom of the 8th over - 1 run, 2 hits, 0 errors, 1 left on base; New York 2 - Montreal 4
TOP OF THE 9TH
New York Yankees batting - Pitching for Montreal Expos : RHP Jack Anderson
Pitching: RHP Larry LeGrange
Now at 1B: Pedro Bautista
Batting: RHB Matt Marples 0-0: Ball
1-0: Swinging Strike
1-1: Ball
2-1: Ball
3-1: SINGLE (Line Drive, 4M, EV 101.9 MPH)
Batting: LHB Dave Welch 0-0: Ball
1-0: Foul Ball, location: 2RF
1-1: Ball
2-1: Swinging Strike
2-2: Foul Ball, location: 2F
2-2: Ball
Wild Pitch!
Matt Marples to second
3-2: Strikes out swinging
Batting: LHB Guy Donnelly 0-0: Ball
1-0: Ball
2-0: Fly out, F9 (Flyball, 9, EV 91.3 MPH)
Batting: RHB José Costello 0-0: Swinging Strike
0-1: Foul Ball, location: 23F
0-2: Fly out, F8 (Flyball, 89D, EV 76.9 MPH)
Top of the 9th over - 0 runs, 1 hit, 0 errors, 1 left on base; New York 2 - Montreal 4
Wednesday, April 10th , 2024 - OOTP Baseball 24.10 Build 82